Warning! The script has encountered some errors when parsing the replay. Please report them to the . » details
          0x70, prev: 0x65: 19 6F 65 [70] 6F C1 CC 00 00 C7 CC 00 00 12 19 00 03 00 0D 00 FF FF FF FF FF FF FF FF 00 00 1C C6 00 00 50 C5 41 AB 00 00 41 AB 00 00 16 02 01 00 C1 CC 00 00 C7 CC 00 00 16 01 01 00 AB CC 00 00 B1 CC 00 00 1A 19 6F 65 70 6F AB CC 00 00 B1 CC 00 00 12 19 00 03 00 0D 00 FF FF FF FF FF FF FF FF 00 00 1C C6 00 00 50 C5 41 AB 00 00 41 AB 00 00 16 02 01 00 AB CC 00 00 B1 CC 00 00 16 01 01 00 95 CC 00 00 9B CC 00 00 1A 19 6F 65 70 6F 95 CC 00 00 9B CC 00 00 12 19 00 03 00 0D 00 FF FF FF FF FF FF FF FF 00 00 1C C6 00 00 50 C5 41 AB 00 00 41 AB 00 00 16 02 01 00 95 CC 00 00 9B CC 00 00 16 01 01 00 02 D2 00 00 49 8B 04 00 1A 19 6F 65 70 6F 02 D2 00 00 49 8B 04 00 12 19 00 03 00 0D 00 FF FF FF FF FF FF FF FF 00 00 1C C6 00 00 50 C5 41 AB 00 00 41 AB 00 00 16 02 01 00 02 D2 00 00 49 8B 04 00 16 01 01 00 02 D2 00 00 49 8B 04 00 1A 19 6F 65 70 6F 02 D2 00 00 49 8B 04 00 12 19 00 03 00 0D 00 FF FF FF FF FF FF FF FF 00 00 1C C6 00 00 50 C5 41 AB 00 00 41 AB 00 00 16 02 01 00 02 D2 00 00 49 8B 04 00 16 01 01 00 95 CC 00 00 9B CC 00 00 1A 19 6F 65 70 6F 95 CC 00 00 9B CC 00 00 12 19 00 03 00 0D 00 FF FF FF FF FF FF FF FF 00 00 1C C6 00 00 50 C5 41 AB 00 00 41 AB 00 00 16 02 01 00 95 CC 00 00 9B CC 00 00 16 01 01 00 59 D5 00 00 9A A8 03 00 1A 19 6F 65 70 6F 59 D5 00 00 9A A8 03 00 12 19 00 03 00 0D 00 FF FF FF FF FF FF FF FF 00 00 1C C6 00 00 50 C5 41 AB 00 00 41 AB 00 00 16 02 01 00 59 D5 00 00 9A A8 03 00 16 01 01 00 AB 9E 00 00 64 38 04 00 1A 19 6F 65 70 6F AB 9E 00 00 64 38 04 00 12 19 00 03 00 0D 00 FF FF FF FF FF FF FF FF 00 00 1C C6 00 00 50 C5 41 AB 00 00 41 AB 00 00 16 02 01 00 AB 9E 00 00 64 38 04 00 16 01 01 00 C1 CC 00 00 C7 CC 00 00 1A 19 6F 65 70 6F C1 CC 00 00 C7 CC 00 00 12 19 00 03 00 0D 00 FF FF FF FF FF FF FF FF 00 00 1C C6 00 00 50 C5 41 AB 00 00 41 AB 00 00 16 02 01 00 C1 CC 00 00 C7 CC 00 00 16 01 01 00 C1 CC 00 00 C7 CC 00 00 1A 19 6F 65 70 6F C1 CC 00 00 C7 CC 00 00 12 19 00 03 00 0D 00 FF FF FF FF FF FF FF FF 00 00 1C C6 00 00 50 C5 41 AB 00 00 41 AB 00 00 16 02 01 00 C1 CC 00 00 C7 CC 00 00 16 01 01 00 0E B8 00 00 C0 6B 01 00 1A 19 6F 65 70 6F 0E B8 00 00 C0 6B 01 00 12 19 00 03 00 0D 00 FF FF FF FF FF FF FF FF 00 00 1C C6 00 00 50 C5 41 AB 00 00 41 AB 00 00 16 02 01 00 0E B8 00 00 C0 6B 01 00 16 01 01 00 28 C3 00 00 6D 58 03 00 1A 19 6F 65 70 6F 28 C3 00 00 6D 58 03 00 12 19 00 03 00 0D 00 FF FF FF FF FF FF FF FF 00 00 1C C6 00 00 50 C5 41 AB 00 00 41 AB 00 00 16 02 01 00 28 C3 00 00 6D 58 03 00 16 01 01 00 09 4E 00 00 31 A7 04 00 1A 19 6F 65 70 6F 09 4E 00 00 31 A7 04 00 12 19 00 03 00 0D 00 FF FF FF FF FF FF FF FF 00 00 1C C6 00 00 50 C5 41 AB 00 00 41 AB 00 00 16 02 01 00 09 4E 00 00 31 A7 04 00 16 01 01 00 A5 9A 00 00 88 72 03 00 1A 19 6F 65 70 6F A5 9A 00 00 88 72 03 00 12 19 00 03 00 0D 00 FF FF FF FF FF FF FF FF 00 00 1C C6 00 00 50 C5 41 AB 00 00 41 AB 00 00 16 02 01 00 A5 9A 00 00 88 72 03 00 16 01 01 00 75 D1 00 00 D8 DE 04 00 1A 19 6F 65 70 6F 75 D1 00 00 D8 DE 04 00 12 19 00 03 00 0D 00 FF FF FF FF FF FF FF FF 00 00 1C C6 00 00 50 C5 41 AB 00 00 41 AB 00 00 16 02 01 00 75 D1 00 00 D8 DE 04 00 
0xC1, prev: 0x70: 19 6F 65 70 6F [C1] CC 00 00 C7 CC 00 00 12 19 00 03 00 0D 00 FF FF FF FF FF FF FF FF 00 00 1C C6 00 00 50 C5 41 AB 00 00 41 AB 00 00 16 02 01 00 C1 CC 00 00 C7 CC 00 00 16 01 01 00 AB CC 00 00 B1 CC 00 00 1A 19 6F 65 70 6F AB CC 00 00 B1 CC 00 00 12 19 00 03 00 0D 00 FF FF FF FF FF FF FF FF 00 00 1C C6 00 00 50 C5 41 AB 00 00 41 AB 00 00 16 02 01 00 AB CC 00 00 B1 CC 00 00 16 01 01 00 95 CC 00 00 9B CC 00 00 1A 19 6F 65 70 6F 95 CC 00 00 9B CC 00 00 12 19 00 03 00 0D 00 FF FF FF FF FF FF FF FF 00 00 1C C6 00 00 50 C5 41 AB 00 00 41 AB 00 00 16 02 01 00 95 CC 00 00 9B CC 00 00 16 01 01 00 02 D2 00 00 49 8B 04 00 1A 19 6F 65 70 6F 02 D2 00 00 49 8B 04 00 12 19 00 03 00 0D 00 FF FF FF FF FF FF FF FF 00 00 1C C6 00 00 50 C5 41 AB 00 00 41 AB 00 00 16 02 01 00 02 D2 00 00 49 8B 04 00 16 01 01 00 02 D2 00 00 49 8B 04 00 1A 19 6F 65 70 6F 02 D2 00 00 49 8B 04 00 12 19 00 03 00 0D 00 FF FF FF FF FF FF FF FF 00 00 1C C6 00 00 50 C5 41 AB 00 00 41 AB 00 00 16 02 01 00 02 D2 00 00 49 8B 04 00 16 01 01 00 95 CC 00 00 9B CC 00 00 1A 19 6F 65 70 6F 95 CC 00 00 9B CC 00 00 12 19 00 03 00 0D 00 FF FF FF FF FF FF FF FF 00 00 1C C6 00 00 50 C5 41 AB 00 00 41 AB 00 00 16 02 01 00 95 CC 00 00 9B CC 00 00 16 01 01 00 59 D5 00 00 9A A8 03 00 1A 19 6F 65 70 6F 59 D5 00 00 9A A8 03 00 12 19 00 03 00 0D 00 FF FF FF FF FF FF FF FF 00 00 1C C6 00 00 50 C5 41 AB 00 00 41 AB 00 00 16 02 01 00 59 D5 00 00 9A A8 03 00 16 01 01 00 AB 9E 00 00 64 38 04 00 1A 19 6F 65 70 6F AB 9E 00 00 64 38 04 00 12 19 00 03 00 0D 00 FF FF FF FF FF FF FF FF 00 00 1C C6 00 00 50 C5 41 AB 00 00 41 AB 00 00 16 02 01 00 AB 9E 00 00 64 38 04 00 16 01 01 00 C1 CC 00 00 C7 CC 00 00 1A 19 6F 65 70 6F C1 CC 00 00 C7 CC 00 00 12 19 00 03 00 0D 00 FF FF FF FF FF FF FF FF 00 00 1C C6 00 00 50 C5 41 AB 00 00 41 AB 00 00 16 02 01 00 C1 CC 00 00 C7 CC 00 00 16 01 01 00 C1 CC 00 00 C7 CC 00 00 1A 19 6F 65 70 6F C1 CC 00 00 C7 CC 00 00 12 19 00 03 00 0D 00 FF FF FF FF FF FF FF FF 00 00 1C C6 00 00 50 C5 41 AB 00 00 41 AB 00 00 16 02 01 00 C1 CC 00 00 C7 CC 00 00 16 01 01 00 0E B8 00 00 C0 6B 01 00 1A 19 6F 65 70 6F 0E B8 00 00 C0 6B 01 00 12 19 00 03 00 0D 00 FF FF FF FF FF FF FF FF 00 00 1C C6 00 00 50 C5 41 AB 00 00 41 AB 00 00 16 02 01 00 0E B8 00 00 C0 6B 01 00 16 01 01 00 28 C3 00 00 6D 58 03 00 1A 19 6F 65 70 6F 28 C3 00 00 6D 58 03 00 12 19 00 03 00 0D 00 FF FF FF FF FF FF FF FF 00 00 1C C6 00 00 50 C5 41 AB 00 00 41 AB 00 00 16 02 01 00 28 C3 00 00 6D 58 03 00 16 01 01 00 09 4E 00 00 31 A7 04 00 1A 19 6F 65 70 6F 09 4E 00 00 31 A7 04 00 12 19 00 03 00 0D 00 FF FF FF FF FF FF FF FF 00 00 1C C6 00 00 50 C5 41 AB 00 00 41 AB 00 00 16 02 01 00 09 4E 00 00 31 A7 04 00 16 01 01 00 A5 9A 00 00 88 72 03 00 1A 19 6F 65 70 6F A5 9A 00 00 88 72 03 00 12 19 00 03 00 0D 00 FF FF FF FF FF FF FF FF 00 00 1C C6 00 00 50 C5 41 AB 00 00 41 AB 00 00 16 02 01 00 A5 9A 00 00 88 72 03 00 16 01 01 00 75 D1 00 00 D8 DE 04 00 1A 19 6F 65 70 6F 75 D1 00 00 D8 DE 04 00 12 19 00 03 00 0D 00 FF FF FF FF FF FF FF FF 00 00 1C C6 00 00 50 C5 41 AB 00 00 41 AB 00 00 16 02 01 00 75 D1 00 00 D8 DE 04 00 
0x00, prev: 0xC1: 19 6F 65 70 6F C1 CC [00] 00 C7 CC 00 00 12 19 00 03 00 0D 00 FF FF FF FF FF FF FF FF 00 00 1C C6 00 00 50 C5 41 AB 00 00 41 AB 00 00 16 02 01 00 C1 CC 00 00 C7 CC 00 00 16 01 01 00 AB CC 00 00 B1 CC 00 00 1A 19 6F 65 70 6F AB CC 00 00 B1 CC 00 00 12 19 00 03 00 0D 00 FF FF FF FF FF FF FF FF 00 00 1C C6 00 00 50 C5 41 AB 00 00 41 AB 00 00 16 02 01 00 AB CC 00 00 B1 CC 00 00 16 01 01 00 95 CC 00 00 9B CC 00 00 1A 19 6F 65 70 6F 95 CC 00 00 9B CC 00 00 12 19 00 03 00 0D 00 FF FF FF FF FF FF FF FF 00 00 1C C6 00 00 50 C5 41 AB 00 00 41 AB 00 00 16 02 01 00 95 CC 00 00 9B CC 00 00 16 01 01 00 02 D2 00 00 49 8B 04 00 1A 19 6F 65 70 6F 02 D2 00 00 49 8B 04 00 12 19 00 03 00 0D 00 FF FF FF FF FF FF FF FF 00 00 1C C6 00 00 50 C5 41 AB 00 00 41 AB 00 00 16 02 01 00 02 D2 00 00 49 8B 04 00 16 01 01 00 02 D2 00 00 49 8B 04 00 1A 19 6F 65 70 6F 02 D2 00 00 49 8B 04 00 12 19 00 03 00 0D 00 FF FF FF FF FF FF FF FF 00 00 1C C6 00 00 50 C5 41 AB 00 00 41 AB 00 00 16 02 01 00 02 D2 00 00 49 8B 04 00 16 01 01 00 95 CC 00 00 9B CC 00 00 1A 19 6F 65 70 6F 95 CC 00 00 9B CC 00 00 12 19 00 03 00 0D 00 FF FF FF FF FF FF FF FF 00 00 1C C6 00 00 50 C5 41 AB 00 00 41 AB 00 00 16 02 01 00 95 CC 00 00 9B CC 00 00 16 01 01 00 59 D5 00 00 9A A8 03 00 1A 19 6F 65 70 6F 59 D5 00 00 9A A8 03 00 12 19 00 03 00 0D 00 FF FF FF FF FF FF FF FF 00 00 1C C6 00 00 50 C5 41 AB 00 00 41 AB 00 00 16 02 01 00 59 D5 00 00 9A A8 03 00 16 01 01 00 AB 9E 00 00 64 38 04 00 1A 19 6F 65 70 6F AB 9E 00 00 64 38 04 00 12 19 00 03 00 0D 00 FF FF FF FF FF FF FF FF 00 00 1C C6 00 00 50 C5 41 AB 00 00 41 AB 00 00 16 02 01 00 AB 9E 00 00 64 38 04 00 16 01 01 00 C1 CC 00 00 C7 CC 00 00 1A 19 6F 65 70 6F C1 CC 00 00 C7 CC 00 00 12 19 00 03 00 0D 00 FF FF FF FF FF FF FF FF 00 00 1C C6 00 00 50 C5 41 AB 00 00 41 AB 00 00 16 02 01 00 C1 CC 00 00 C7 CC 00 00 16 01 01 00 C1 CC 00 00 C7 CC 00 00 1A 19 6F 65 70 6F C1 CC 00 00 C7 CC 00 00 12 19 00 03 00 0D 00 FF FF FF FF FF FF FF FF 00 00 1C C6 00 00 50 C5 41 AB 00 00 41 AB 00 00 16 02 01 00 C1 CC 00 00 C7 CC 00 00 16 01 01 00 0E B8 00 00 C0 6B 01 00 1A 19 6F 65 70 6F 0E B8 00 00 C0 6B 01 00 12 19 00 03 00 0D 00 FF FF FF FF FF FF FF FF 00 00 1C C6 00 00 50 C5 41 AB 00 00 41 AB 00 00 16 02 01 00 0E B8 00 00 C0 6B 01 00 16 01 01 00 28 C3 00 00 6D 58 03 00 1A 19 6F 65 70 6F 28 C3 00 00 6D 58 03 00 12 19 00 03 00 0D 00 FF FF FF FF FF FF FF FF 00 00 1C C6 00 00 50 C5 41 AB 00 00 41 AB 00 00 16 02 01 00 28 C3 00 00 6D 58 03 00 16 01 01 00 09 4E 00 00 31 A7 04 00 1A 19 6F 65 70 6F 09 4E 00 00 31 A7 04 00 12 19 00 03 00 0D 00 FF FF FF FF FF FF FF FF 00 00 1C C6 00 00 50 C5 41 AB 00 00 41 AB 00 00 16 02 01 00 09 4E 00 00 31 A7 04 00 16 01 01 00 A5 9A 00 00 88 72 03 00 1A 19 6F 65 70 6F A5 9A 00 00 88 72 03 00 12 19 00 03 00 0D 00 FF FF FF FF FF FF FF FF 00 00 1C C6 00 00 50 C5 41 AB 00 00 41 AB 00 00 16 02 01 00 A5 9A 00 00 88 72 03 00 16 01 01 00 75 D1 00 00 D8 DE 04 00 1A 19 6F 65 70 6F 75 D1 00 00 D8 DE 04 00 12 19 00 03 00 0D 00 FF FF FF FF FF FF FF FF 00 00 1C C6 00 00 50 C5 41 AB 00 00 41 AB 00 00 16 02 01 00 75 D1 00 00 D8 DE 04 00 
0xC7, prev: 0x00: 19 6F 65 70 6F C1 CC 00 00 [C7] CC 00 00 12 19 00 03 00 0D 00 FF FF FF FF FF FF FF FF 00 00 1C C6 00 00 50 C5 41 AB 00 00 41 AB 00 00 16 02 01 00 C1 CC 00 00 C7 CC 00 00 16 01 01 00 AB CC 00 00 B1 CC 00 00 1A 19 6F 65 70 6F AB CC 00 00 B1 CC 00 00 12 19 00 03 00 0D 00 FF FF FF FF FF FF FF FF 00 00 1C C6 00 00 50 C5 41 AB 00 00 41 AB 00 00 16 02 01 00 AB CC 00 00 B1 CC 00 00 16 01 01 00 95 CC 00 00 9B CC 00 00 1A 19 6F 65 70 6F 95 CC 00 00 9B CC 00 00 12 19 00 03 00 0D 00 FF FF FF FF FF FF FF FF 00 00 1C C6 00 00 50 C5 41 AB 00 00 41 AB 00 00 16 02 01 00 95 CC 00 00 9B CC 00 00 16 01 01 00 02 D2 00 00 49 8B 04 00 1A 19 6F 65 70 6F 02 D2 00 00 49 8B 04 00 12 19 00 03 00 0D 00 FF FF FF FF FF FF FF FF 00 00 1C C6 00 00 50 C5 41 AB 00 00 41 AB 00 00 16 02 01 00 02 D2 00 00 49 8B 04 00 16 01 01 00 02 D2 00 00 49 8B 04 00 1A 19 6F 65 70 6F 02 D2 00 00 49 8B 04 00 12 19 00 03 00 0D 00 FF FF FF FF FF FF FF FF 00 00 1C C6 00 00 50 C5 41 AB 00 00 41 AB 00 00 16 02 01 00 02 D2 00 00 49 8B 04 00 16 01 01 00 95 CC 00 00 9B CC 00 00 1A 19 6F 65 70 6F 95 CC 00 00 9B CC 00 00 12 19 00 03 00 0D 00 FF FF FF FF FF FF FF FF 00 00 1C C6 00 00 50 C5 41 AB 00 00 41 AB 00 00 16 02 01 00 95 CC 00 00 9B CC 00 00 16 01 01 00 59 D5 00 00 9A A8 03 00 1A 19 6F 65 70 6F 59 D5 00 00 9A A8 03 00 12 19 00 03 00 0D 00 FF FF FF FF FF FF FF FF 00 00 1C C6 00 00 50 C5 41 AB 00 00 41 AB 00 00 16 02 01 00 59 D5 00 00 9A A8 03 00 16 01 01 00 AB 9E 00 00 64 38 04 00 1A 19 6F 65 70 6F AB 9E 00 00 64 38 04 00 12 19 00 03 00 0D 00 FF FF FF FF FF FF FF FF 00 00 1C C6 00 00 50 C5 41 AB 00 00 41 AB 00 00 16 02 01 00 AB 9E 00 00 64 38 04 00 16 01 01 00 C1 CC 00 00 C7 CC 00 00 1A 19 6F 65 70 6F C1 CC 00 00 C7 CC 00 00 12 19 00 03 00 0D 00 FF FF FF FF FF FF FF FF 00 00 1C C6 00 00 50 C5 41 AB 00 00 41 AB 00 00 16 02 01 00 C1 CC 00 00 C7 CC 00 00 16 01 01 00 C1 CC 00 00 C7 CC 00 00 1A 19 6F 65 70 6F C1 CC 00 00 C7 CC 00 00 12 19 00 03 00 0D 00 FF FF FF FF FF FF FF FF 00 00 1C C6 00 00 50 C5 41 AB 00 00 41 AB 00 00 16 02 01 00 C1 CC 00 00 C7 CC 00 00 16 01 01 00 0E B8 00 00 C0 6B 01 00 1A 19 6F 65 70 6F 0E B8 00 00 C0 6B 01 00 12 19 00 03 00 0D 00 FF FF FF FF FF FF FF FF 00 00 1C C6 00 00 50 C5 41 AB 00 00 41 AB 00 00 16 02 01 00 0E B8 00 00 C0 6B 01 00 16 01 01 00 28 C3 00 00 6D 58 03 00 1A 19 6F 65 70 6F 28 C3 00 00 6D 58 03 00 12 19 00 03 00 0D 00 FF FF FF FF FF FF FF FF 00 00 1C C6 00 00 50 C5 41 AB 00 00 41 AB 00 00 16 02 01 00 28 C3 00 00 6D 58 03 00 16 01 01 00 09 4E 00 00 31 A7 04 00 1A 19 6F 65 70 6F 09 4E 00 00 31 A7 04 00 12 19 00 03 00 0D 00 FF FF FF FF FF FF FF FF 00 00 1C C6 00 00 50 C5 41 AB 00 00 41 AB 00 00 16 02 01 00 09 4E 00 00 31 A7 04 00 16 01 01 00 A5 9A 00 00 88 72 03 00 1A 19 6F 65 70 6F A5 9A 00 00 88 72 03 00 12 19 00 03 00 0D 00 FF FF FF FF FF FF FF FF 00 00 1C C6 00 00 50 C5 41 AB 00 00 41 AB 00 00 16 02 01 00 A5 9A 00 00 88 72 03 00 16 01 01 00 75 D1 00 00 D8 DE 04 00 1A 19 6F 65 70 6F 75 D1 00 00 D8 DE 04 00 12 19 00 03 00 0D 00 FF FF FF FF FF FF FF FF 00 00 1C C6 00 00 50 C5 41 AB 00 00 41 AB 00 00 16 02 01 00 75 D1 00 00 D8 DE 04 00 
0x00, prev: 0xC7: 19 6F 65 70 6F C1 CC 00 00 C7 CC [00] 00 12 19 00 03 00 0D 00 FF FF FF FF FF FF FF FF 00 00 1C C6 00 00 50 C5 41 AB 00 00 41 AB 00 00 16 02 01 00 C1 CC 00 00 C7 CC 00 00 16 01 01 00 AB CC 00 00 B1 CC 00 00 1A 19 6F 65 70 6F AB CC 00 00 B1 CC 00 00 12 19 00 03 00 0D 00 FF FF FF FF FF FF FF FF 00 00 1C C6 00 00 50 C5 41 AB 00 00 41 AB 00 00 16 02 01 00 AB CC 00 00 B1 CC 00 00 16 01 01 00 95 CC 00 00 9B CC 00 00 1A 19 6F 65 70 6F 95 CC 00 00 9B CC 00 00 12 19 00 03 00 0D 00 FF FF FF FF FF FF FF FF 00 00 1C C6 00 00 50 C5 41 AB 00 00 41 AB 00 00 16 02 01 00 95 CC 00 00 9B CC 00 00 16 01 01 00 02 D2 00 00 49 8B 04 00 1A 19 6F 65 70 6F 02 D2 00 00 49 8B 04 00 12 19 00 03 00 0D 00 FF FF FF FF FF FF FF FF 00 00 1C C6 00 00 50 C5 41 AB 00 00 41 AB 00 00 16 02 01 00 02 D2 00 00 49 8B 04 00 16 01 01 00 02 D2 00 00 49 8B 04 00 1A 19 6F 65 70 6F 02 D2 00 00 49 8B 04 00 12 19 00 03 00 0D 00 FF FF FF FF FF FF FF FF 00 00 1C C6 00 00 50 C5 41 AB 00 00 41 AB 00 00 16 02 01 00 02 D2 00 00 49 8B 04 00 16 01 01 00 95 CC 00 00 9B CC 00 00 1A 19 6F 65 70 6F 95 CC 00 00 9B CC 00 00 12 19 00 03 00 0D 00 FF FF FF FF FF FF FF FF 00 00 1C C6 00 00 50 C5 41 AB 00 00 41 AB 00 00 16 02 01 00 95 CC 00 00 9B CC 00 00 16 01 01 00 59 D5 00 00 9A A8 03 00 1A 19 6F 65 70 6F 59 D5 00 00 9A A8 03 00 12 19 00 03 00 0D 00 FF FF FF FF FF FF FF FF 00 00 1C C6 00 00 50 C5 41 AB 00 00 41 AB 00 00 16 02 01 00 59 D5 00 00 9A A8 03 00 16 01 01 00 AB 9E 00 00 64 38 04 00 1A 19 6F 65 70 6F AB 9E 00 00 64 38 04 00 12 19 00 03 00 0D 00 FF FF FF FF FF FF FF FF 00 00 1C C6 00 00 50 C5 41 AB 00 00 41 AB 00 00 16 02 01 00 AB 9E 00 00 64 38 04 00 16 01 01 00 C1 CC 00 00 C7 CC 00 00 1A 19 6F 65 70 6F C1 CC 00 00 C7 CC 00 00 12 19 00 03 00 0D 00 FF FF FF FF FF FF FF FF 00 00 1C C6 00 00 50 C5 41 AB 00 00 41 AB 00 00 16 02 01 00 C1 CC 00 00 C7 CC 00 00 16 01 01 00 C1 CC 00 00 C7 CC 00 00 1A 19 6F 65 70 6F C1 CC 00 00 C7 CC 00 00 12 19 00 03 00 0D 00 FF FF FF FF FF FF FF FF 00 00 1C C6 00 00 50 C5 41 AB 00 00 41 AB 00 00 16 02 01 00 C1 CC 00 00 C7 CC 00 00 16 01 01 00 0E B8 00 00 C0 6B 01 00 1A 19 6F 65 70 6F 0E B8 00 00 C0 6B 01 00 12 19 00 03 00 0D 00 FF FF FF FF FF FF FF FF 00 00 1C C6 00 00 50 C5 41 AB 00 00 41 AB 00 00 16 02 01 00 0E B8 00 00 C0 6B 01 00 16 01 01 00 28 C3 00 00 6D 58 03 00 1A 19 6F 65 70 6F 28 C3 00 00 6D 58 03 00 12 19 00 03 00 0D 00 FF FF FF FF FF FF FF FF 00 00 1C C6 00 00 50 C5 41 AB 00 00 41 AB 00 00 16 02 01 00 28 C3 00 00 6D 58 03 00 16 01 01 00 09 4E 00 00 31 A7 04 00 1A 19 6F 65 70 6F 09 4E 00 00 31 A7 04 00 12 19 00 03 00 0D 00 FF FF FF FF FF FF FF FF 00 00 1C C6 00 00 50 C5 41 AB 00 00 41 AB 00 00 16 02 01 00 09 4E 00 00 31 A7 04 00 16 01 01 00 A5 9A 00 00 88 72 03 00 1A 19 6F 65 70 6F A5 9A 00 00 88 72 03 00 12 19 00 03 00 0D 00 FF FF FF FF FF FF FF FF 00 00 1C C6 00 00 50 C5 41 AB 00 00 41 AB 00 00 16 02 01 00 A5 9A 00 00 88 72 03 00 16 01 01 00 75 D1 00 00 D8 DE 04 00 1A 19 6F 65 70 6F 75 D1 00 00 D8 DE 04 00 12 19 00 03 00 0D 00 FF FF FF FF FF FF FF FF 00 00 1C C6 00 00 50 C5 41 AB 00 00 41 AB 00 00 16 02 01 00 75 D1 00 00 D8 DE 04 00 
        General information
			
			
        
        - name: BNet
 
        - type: Ladder team game (AT/RT)
 
        - host: Battle.net
 
        - saver: unrankednohero
 
        
map: FullScaleAssault 
        - players: 8
 
        - length: 74:57
 
        - speed: Fast
 - version: 1.22 W3XP
 - replay type:  Public
 
» download(281 KB)
Players
        team 1 (loser) 
              
              
» 
St0rmShad0w (
pink | 19 APM | 1412 actions | 74:56)
              
 9 Tauren Chieftain 
 3 Endurance Aura
 3 War Stomp
 1 Reincarnation
 2 Shockwave
 
                » actions 
                
                | Assign group hotkey | 4 |  | 
| Basic commands | 4 |  | 
| Build / train | 39 |  | 
| Enter build submenu | 16 |  | 
| Enter hero's abilities submenu | 9 |  | 
| Give item / drop item | 7 |  | 
| Right click | 1021 |  | 
| Select / deselect | 194 |  | 
| Select group hotkey | 14 |  | 
| Use ability | 104 |  | 
                1412 total
 » units 
                » upgrades
                
                | War Drums Damage Increase | 1 |  | 
| Reinforced Defenses | 1 |  | 
                2 total
 » buildings
                
                | Orc Burrow | 7 |  | 
| Altar of Storms | 1 |  | 
| War Mill | 1 |  | 
| Stronghold | 1 |  | 
| Beastiary | 2 |  | 
| Fortress | 1 |  | 
| Voodoo Lounge | 1 |  | 
| Great Hall | 2 |  | 
                16 total
 » build order
                00:18 Orc Burrow
00:21 Altar of Storms
00:58 Orc Burrow
01:45 War Mill
03:29 Stronghold
03:54 Orc Burrow
04:33 Orc Burrow
06:04 Beastiary
06:11 Beastiary
06:15 Fortress
06:31 Voodoo Lounge
07:22 Orc Burrow
07:26 Orc Burrow
10:21 Orc Burrow
43:45 Great Hall
47:37 Great Hall
» items
                
                | Orb of Lightning | 1 |  | 
| Healing Salve | 1 |  | 
| Scroll of Speed | 1 |  | 
| Scroll of Healing | 1 |  | 
| Potion of Lesser Invulnerability | 1 |  | 
                5 total
  
               
              
              
poyo-poyo (
red | 35 APM | 2624 actions | 74:56)
              
 4 Tauren Chieftain 
 2 War Stomp
 2 Endurance Aura
 1 Blood Mage 
 1 Siphon Mana
 
                » actions 
                
                | Assign group hotkey | 27 |  | 
| Basic commands | 289 |  | 
| Build / train | 54 |  | 
| Enter build submenu | 130 |  | 
| Enter hero's abilities submenu | 5 |  | 
| Right click | 828 |  | 
| Select / deselect | 703 |  | 
| Select group hotkey | 322 |  | 
| Use ability | 265 |  | 
                2624 total
 » units 
                » upgrades
                
                | Spiked Barricades | 1 |  | 
| Reinforced Defenses | 1 |  | 
                2 total
 » buildings
                
                | Altar of Storms | 1 |  | 
| Orc Burrow | 85 |  | 
| War Mill | 1 |  | 
| Watch Tower | 2 |  | 
| Stronghold | 1 |  | 
| Fortress | 1 |  | 
| Great Hall | 2 |  | 
                93 total
 » build order
                00:08 Altar of Storms
00:12 Orc Burrow
00:45 War Mill
01:46 Orc Burrow
02:42 Orc Burrow
02:57 Watch Tower
03:01 Watch Tower
07:12 Stronghold
09:35 Fortress
10:54 Great Hall
11:39 Great Hall
14:02 Orc Burrow
14:13 Orc Burrow
14:18 Orc Burrow
14:21 Orc Burrow
14:28 Orc Burrow
18:11 Orc Burrow
18:14 Orc Burrow
18:15 Orc Burrow
18:17 Orc Burrow
18:18 Orc Burrow
18:22 Orc Burrow
18:24 Orc Burrow
18:30 Orc Burrow
18:32 Orc Burrow
18:35 Orc Burrow
18:55 Orc Burrow
18:58 Orc Burrow
19:08 Orc Burrow
19:12 Orc Burrow
19:16 Orc Burrow
19:19 Orc Burrow
19:22 Orc Burrow
19:30 Orc Burrow
19:33 Orc Burrow
19:38 Orc Burrow
19:42 Orc Burrow
19:50 Orc Burrow
19:53 Orc Burrow
19:58 Orc Burrow
20:14 Orc Burrow
20:25 Orc Burrow
20:28 Orc Burrow
20:32 Orc Burrow
21:00 Orc Burrow
21:08 Orc Burrow
21:13 Orc Burrow
21:19 Orc Burrow
21:22 Orc Burrow
21:25 Orc Burrow
22:04 Orc Burrow
22:06 Orc Burrow
22:22 Orc Burrow
22:25 Orc Burrow
22:31 Orc Burrow
22:38 Orc Burrow
22:43 Orc Burrow
22:58 Orc Burrow
23:02 Orc Burrow
23:14 Orc Burrow
24:20 Orc Burrow
24:38 Orc Burrow
25:22 Orc Burrow
25:25 Orc Burrow
25:28 Orc Burrow
25:31 Orc Burrow
25:36 Orc Burrow
26:11 Orc Burrow
26:14 Orc Burrow
26:50 Orc Burrow
26:52 Orc Burrow
26:56 Orc Burrow
26:58 Orc Burrow
27:07 Orc Burrow
27:21 Orc Burrow
27:27 Orc Burrow
27:34 Orc Burrow
27:37 Orc Burrow
27:53 Orc Burrow
27:57 Orc Burrow
28:03 Orc Burrow
28:06 Orc Burrow
28:13 Orc Burrow
29:11 Orc Burrow
29:14 Orc Burrow
29:21 Orc Burrow
29:30 Orc Burrow
29:39 Orc Burrow
29:42 Orc Burrow
29:45 Orc Burrow
29:47 Orc Burrow
30:26 Orc Burrow
30:46 Orc Burrow
 
               
              
              
» 
david_the_brown (
green | 22 APM | 573 actions | 25:33)
              
 6 Blood Mage 
 2 Siphon Mana
 2 Banish
 1 Flame Strike
 1 Summon Phoenix
 
                » actions 
                
                | Assign group hotkey | 11 |  | 
| Basic commands | 54 |  | 
| Build / train | 71 |  | 
| ESC pressed | 2 |  | 
| Enter build submenu | 32 |  | 
| Enter hero's abilities submenu | 6 |  | 
| Right click | 119 |  | 
| Select / deselect | 200 |  | 
| Select group hotkey | 44 |  | 
| Use ability | 34 |  | 
                573 total
 » units 
                
                | Peasant | 17 |  | 
| Priest | 7 |  | 
| Mortar Team | 1 |  | 
| Sorceress | 1 |  | 
| Dragonhawk Rider | 2 |  | 
| Knight | 5 |  | 
| Flying Machine | 11 |  | 
| Gryphon Rider | 3 |  | 
                47 total
 » upgrades
                
                | Masonry | 1 |  | 
| Gunpowder | 1 |  | 
| Swords | 1 |  | 
| Plating | 1 |  | 
| Lumber Harvesting | 1 |  | 
| Animal War Training | 1 |  | 
| Priest Training | 2 |  | 
| Fragmentation Shards | 1 |  | 
| Flying Machine Bombs | 1 |  | 
| Flak Cannons | 1 |  | 
                11 total
 » buildings
                
                | Farm | 15 |  | 
| Lumber Mill | 1 |  | 
| Altar of Kings | 1 |  | 
| Blacksmith | 1 |  | 
| Arcane Vault | 1 |  | 
| Keep | 1 |  | 
| Barracks | 1 |  | 
| Scout Tower | 4 |  | 
| Guard Tower | 4 |  | 
| Arcane Sanctum | 1 |  | 
| Gryphon Aviary | 1 |  | 
| Workshop | 1 |  | 
| Castle | 1 |  | 
| Town Hall | 1 |  | 
                34 total
 » build order
                00:09 Farm
00:48 Lumber Mill
01:32 Farm
02:02 Altar of Kings
02:33 Blacksmith
03:42 Arcane Vault
03:46 Keep
04:23 Barracks
04:36 Farm
04:42 Farm
04:48 Farm
04:55 Farm
05:30 Farm
05:35 Scout Tower
05:40 Farm
05:44 Scout Tower
06:02 Scout Tower
06:15 Farm
06:17 Guard Tower
06:19 Guard Tower
06:31 Arcane Sanctum
06:37 Gryphon Aviary
06:42 Workshop
06:47 Scout Tower
06:49 Guard Tower
07:03 Farm
07:36 Castle
07:46 Farm
07:54 Guard Tower
08:53 Farm
09:38 Farm
10:20 Farm
11:12 Farm
15:53 Town Hall
 
               
              
              
» 
tearinup (
blue | 66 APM | 4940 actions | 74:56)
              
 8 Demon Hunter 
 3 Immolation
 3 Evasion
 1 Metamorphosis
 1 Mana Burn
 6 Firelord 
 3 Summon Lava Spawn
 2 Incinerate
 1 Volcano
 
                » actions 
                
                | Assign group hotkey | 37 |  | 
| Basic commands | 1377 |  | 
| Build / train | 84 |  | 
| Enter build submenu | 29 |  | 
| Enter hero's abilities submenu | 15 |  | 
| Give item / drop item | 1 |  | 
| Remove unit from queue | 1 |  | 
| Right click | 859 |  | 
| Select / deselect | 877 |  | 
| Select group hotkey | 1458 |  | 
| Use ability | 201 |  | 
                4940 total
 » units 
                
                | Wisp | 24 |  | 
| Dryad | 27 |  | 
| Goblin Sapper | 4 |  | 
| Chimaera | 6 |  | 
                61 total
 » upgrades
                
                | Strength of the Wild | 2 |  | 
| Abolish Magic | 1 |  | 
| Corrosive Breath | 1 |  | 
                4 total
 » buildings
                
                | Altar of Elders | 1 |  | 
| Moon Well | 10 |  | 
| Tree of Ages | 1 |  | 
| Hunter's Hall | 1 |  | 
| Ancient of Wonders | 1 |  | 
| Ancient of Lore | 2 |  | 
| Tree of Eternity | 1 |  | 
| Ancient Protector | 5 |  | 
| Tree of Life | 3 |  | 
| Ancient of Wind | 1 |  | 
| Chimaera Roost | 3 |  | 
                29 total
 » build order
                00:07 Altar of Elders
00:10 Moon Well
01:07 Moon Well
02:03 Tree of Ages
02:25 Hunter's Hall
03:07 Moon Well
03:48 Ancient of Wonders
04:19 Moon Well
04:31 Ancient of Lore
05:05 Ancient of Lore
07:56 Moon Well
08:51 Moon Well
09:51 Moon Well
11:10 Tree of Eternity
11:49 Moon Well
15:29 Moon Well
24:21 Ancient Protector
24:24 Ancient Protector
24:27 Ancient Protector
24:29 Ancient Protector
24:31 Ancient Protector
31:26 Tree of Life
31:49 Tree of Life
33:16 Ancient of Wind
33:56 Tree of Life
37:29 Chimaera Roost
37:31 Chimaera Roost
40:43 Chimaera Roost
60:14 Moon Well
 
               team 2 (winner) 
              
              
» 
bleach123 (
teal | 33 APM | 623 actions | 18:57)
              
 4 Death Knight 
 2 Death Coil
 2 Death Pact
 
                » actions 
                
                | Assign group hotkey | 9 |  | 
| Build / train | 44 |  | 
| Enter build submenu | 21 |  | 
| Enter hero's abilities submenu | 4 |  | 
| Give item / drop item | 4 |  | 
| Remove unit from queue | 1 |  | 
| Right click | 265 |  | 
| Select / deselect | 122 |  | 
| Select group hotkey | 109 |  | 
| Use ability | 44 |  | 
                623 total
 » units 
                
                | Acolyte | 7 |  | 
| Ghoul | 8 |  | 
| Goblin Shredder | 1 |  | 
| Gargoyle | 4 |  | 
                20 total
 » upgrades
                
                | Cannibalize | 1 |  | 
| Creature Attack | 3 |  | 
| Creature Carapace | 3 |  | 
| Destroyer Form | 1 |  | 
| Stone Form | 1 |  | 
                9 total
 » buildings
                
                | Ziggurat | 11 |  | 
| Crypt | 2 |  | 
| Altar of Darkness | 1 |  | 
| Graveyard | 1 |  | 
| Tomb of Relics | 1 |  | 
| Halls of the Dead | 1 |  | 
| Slaughterhouse | 2 |  | 
| Black Citadel | 1 |  | 
| Spirit Tower | 1 |  | 
                21 total
 » build order
                01:03 Ziggurat
01:05 Crypt
01:18 Altar of Darkness
01:24 Graveyard
01:42 Ziggurat
02:25 Tomb of Relics
02:31 Ziggurat
03:32 Halls of the Dead
06:14 Slaughterhouse
06:17 Black Citadel
06:22 Slaughterhouse
06:24 Crypt
06:31 Ziggurat
10:10 Ziggurat
10:13 Ziggurat
10:15 Ziggurat
10:17 Ziggurat
10:20 Ziggurat
11:27 Ziggurat
11:31 Ziggurat
11:59 Spirit Tower
» items
                
                | Rod of Necromancy | 2 |  | 
| Orb of Corruption | 1 |  | 
| Potion of Healing | 1 |  | 
| Scroll of Town Portal | 2 |  | 
                6 total
  
               
              
              
Kamikaze_Moron (
yellow | 29 APM | 744 actions | 26:02)
              
 6 Blademaster 
 2 Wind Walk
 3 Critical Strike
 1 Bladestorm
 1 Death Knight 
 1 Animate Dead
 
                » actions 
                
                | Assign group hotkey | 11 |  | 
| Basic commands | 12 |  | 
| Build / train | 49 |  | 
| Enter build submenu | 20 |  | 
| Enter hero's abilities submenu | 7 |  | 
| Give item / drop item | 4 |  | 
| Right click | 253 |  | 
| Select / deselect | 196 |  | 
| Select group hotkey | 149 |  | 
| Use ability | 42 |  | 
                744 total
 » units 
                
                | Peon | 5 |  | 
| Grunt | 11 |  | 
| Raider | 8 |  | 
| Kodo Beast | 1 |  | 
| Wind Rider | 3 |  | 
                28 total
 » upgrades
                
                | Melee Weapons | 3 |  | 
| Pillage | 1 |  | 
| Berserker Strength | 1 |  | 
| Armor | 1 |  | 
| War Drums Damage Increase | 1 |  | 
                7 total
 » buildings
                
                | Altar of Storms | 1 |  | 
| Orc Burrow | 6 |  | 
| Barracks | 1 |  | 
| Stronghold | 1 |  | 
| War Mill | 1 |  | 
| Voodoo Lounge | 1 |  | 
| Fortress | 1 |  | 
| Beastiary | 2 |  | 
| Altar of Darkness | 1 |  | 
| Necropolis | 1 |  | 
| Crypt | 1 |  | 
| Ziggurat | 4 |  | 
                21 total
 » build order
                00:05 Altar of Storms
00:07 Orc Burrow
00:39 Barracks
01:43 Orc Burrow
03:41 Stronghold
04:25 War Mill
04:44 Orc Burrow
05:10 Voodoo Lounge
07:24 Fortress
08:54 Beastiary
08:58 Beastiary
10:48 Orc Burrow
11:46 Orc Burrow
12:48 Orc Burrow
25:30 Altar of Darkness
25:33 Necropolis
25:38 Crypt
25:41 Ziggurat
25:44 Ziggurat
25:47 Ziggurat
25:49 Ziggurat
» items
                
                | Healing Salve | 2 |  | 
| Orb of Lightning | 1 |  | 
| Lesser Clarity Potion | 1 |  | 
                4 total
  
               
              
              
unrankednohero (
purple | 24 APM | 1809 actions | 74:57)
              
 2 Tauren Chieftain 
 1 Endurance Aura
 1 Shockwave
 2 Shadow Hunter 
 1 Healing Wave
 1 Serpent Ward
 3 Far Seer 
 2 Feral Spirit
 1 Far Sight
 
                » actions 
                
                | Assign group hotkey | 27 |  | 
| Basic commands | 38 |  | 
| Build / train | 85 |  | 
| ESC pressed | 16 |  | 
| Enter build submenu | 127 |  | 
| Enter hero's abilities submenu | 9 |  | 
| Give item / drop item | 1 |  | 
| Right click | 559 |  | 
| Select / deselect | 590 |  | 
| Select group hotkey | 143 |  | 
| Select subgroup | 1 |  | 
| Use ability | 213 |  | 
                1809 total
 » units 
                
                | Peon | 66 |  | 
| Goblin Zeppelin | 2 |  | 
| Goblin Shredder | 1 |  | 
                69 total
 » buildings
                
                | Orc Burrow | 73 |  | 
| Altar of Storms | 1 |  | 
| Stronghold | 3 |  | 
| Fortress | 1 |  | 
| Voodoo Lounge | 1 |  | 
| War Mill | 4 |  | 
| Great Hall | 13 |  | 
                96 total
 » build order
                00:30 Orc Burrow
00:35 Altar of Storms
01:58 Orc Burrow
02:38 Stronghold
02:39 Stronghold
05:01 Fortress
05:25 Orc Burrow
06:11 Voodoo Lounge
14:42 War Mill
20:03 Orc Burrow
20:05 Orc Burrow
20:16 Orc Burrow
20:21 Orc Burrow
20:26 Orc Burrow
20:28 Orc Burrow
20:32 Orc Burrow
20:34 Orc Burrow
20:37 Orc Burrow
20:42 Orc Burrow
20:43 Orc Burrow
20:56 Orc Burrow
21:01 Orc Burrow
21:03 Orc Burrow
21:05 Orc Burrow
21:16 Orc Burrow
21:38 Orc Burrow
21:40 Orc Burrow
21:41 Orc Burrow
21:43 Orc Burrow
21:46 Orc Burrow
22:04 Orc Burrow
22:13 Orc Burrow
22:18 Orc Burrow
22:20 Orc Burrow
22:21 Orc Burrow
22:22 Orc Burrow
22:25 Orc Burrow
22:26 Orc Burrow
22:28 Orc Burrow
22:31 Orc Burrow
22:36 Orc Burrow
22:38 Orc Burrow
22:42 Orc Burrow
22:52 Orc Burrow
22:53 Orc Burrow
22:57 Orc Burrow
22:59 Orc Burrow
23:07 Orc Burrow
23:11 Orc Burrow
23:13 Orc Burrow
23:15 Orc Burrow
23:46 Orc Burrow
23:52 Orc Burrow
24:42 Orc Burrow
25:22 Orc Burrow
25:27 Orc Burrow
25:30 Orc Burrow
25:37 Orc Burrow
26:31 Orc Burrow
26:32 Orc Burrow
26:36 Orc Burrow
26:38 Orc Burrow
26:40 Orc Burrow
26:43 Orc Burrow
26:53 Orc Burrow
26:56 Orc Burrow
26:59 Orc Burrow
27:03 Orc Burrow
27:12 Orc Burrow
27:15 Orc Burrow
27:23 Orc Burrow
27:25 Orc Burrow
27:36 Orc Burrow
27:40 Orc Burrow
27:50 Orc Burrow
27:53 Orc Burrow
27:58 Orc Burrow
28:22 Orc Burrow
32:36 Great Hall
39:20 Great Hall
39:24 Great Hall
39:49 Great Hall
40:09 Great Hall
43:04 Stronghold
43:14 Great Hall
44:10 Great Hall
47:30 Great Hall
48:16 Great Hall
49:21 Great Hall
50:46 Great Hall
50:55 Great Hall
52:29 War Mill
63:43 War Mill
65:44 Great Hall
69:02 War Mill
70:25 Orc Burrow
» items
                
                | Tiny Great Hall | 1 |  | 
| Orb of Corruption | 1 |  | 
                2 total
  
               
              
              
GaugeLotD (
orange | 18 APM | 420 actions | 23:31)
              
 3 Death Knight 
 1 Death Coil
 2 Unholy Aura
 
                » actions 
                
                | Build / train | 85 |  | 
| ESC pressed | 1 |  | 
| Enter build submenu | 26 |  | 
| Enter hero's abilities submenu | 3 |  | 
| Remove unit from queue | 2 |  | 
| Right click | 133 |  | 
| Select / deselect | 136 |  | 
| Use ability | 33 |  | 
                420 total
 » units 
                
                | Acolyte | 7 |  | 
| Ghoul | 4 |  | 
| Crypt Fiend | 18 |  | 
| Blue Dragon Whelp | 1 |  | 
| Blue Drake | 1 |  | 
| Blue Dragon | 1 |  | 
| Frost Wyrm | 3 |  | 
| Abomination | 14 |  | 
| Gargoyle | 9 |  | 
                58 total
 » upgrades
                
                | Creature Attack | 3 |  | 
| Creature Carapace | 3 |  | 
| Web | 2 |  | 
| Burrow | 1 |  | 
                9 total
 » buildings
                
                | Altar of Darkness | 1 |  | 
| Ziggurat | 10 |  | 
| Crypt | 1 |  | 
| Tomb of Relics | 1 |  | 
| Graveyard | 1 |  | 
| Halls of the Dead | 1 |  | 
| Sacrificial Pit | 1 |  | 
| Black Citadel | 1 |  | 
| Boneyard | 1 |  | 
| Spirit Tower | 6 |  | 
                24 total
 » build order
                00:15 Altar of Darkness
00:20 Ziggurat
00:47 Crypt
01:00 Tomb of Relics
01:52 Ziggurat
03:19 Graveyard
03:25 Ziggurat
03:54 Halls of the Dead
05:10 Ziggurat
09:33 Ziggurat
09:39 Ziggurat
09:51 Ziggurat
10:10 Ziggurat
11:32 Ziggurat
11:40 Sacrificial Pit
13:57 Black Citadel
16:37 Boneyard
16:44 Spirit Tower
16:45 Spirit Tower
16:46 Spirit Tower
16:59 Spirit Tower
17:24 Ziggurat
17:53 Spirit Tower
17:54 Spirit Tower
» items
                
                | Sacrificial Skull | 1 |  | 
| Boots of Speed | 1 |  | 
| Periapt of Vitality | 1 |  | 
| Circlet of Nobility | 1 |  | 
                4 total
  
                Chat log
          (00:19 / Allies) Kamikaze_Moron: sup all
(00:21 / Allies) Kamikaze_Moron: units?
(00:26 / 5) unrankednohero: where shoudl we do it
(00:30 / Allies) GaugeLotD: i'll do spiders... AA
(00:37 / Allies) Kamikaze_Moron: ill go melee with shammies
(00:49 / Allies) bleach123: gargs destroyers
(00:55 / 8) poyo-poyo: we need lots of space
(01:03 / 5) unrankednohero: we coudl try diong it upstairs
(01:11 / 8) poyo-poyo: theres no room there
(01:22 / All) tearinup: my team is muter than a hooker with 3 cocks in her moutgh
(01:33 / All) Kamikaze_Moron: woot?
(02:02 / 8) poyo-poyo: like in those fields by where the shops normally are
(02:09 / 8) poyo-poyo: thats a big enough open space
(02:11 / 8) poyo-poyo: anyway
(02:16 / 8) poyo-poyo: you know how fouyrs is
(02:21 / 5) unrankednohero: what are we gonna do, mass up, then go build 30 at once?
(02:25 / 8) poyo-poyo: theyll pick the top or the bottom to carry out oall of theri actio nat
(02:30 / 8) poyo-poyo: yeah
(02:33 / 5) unrankednohero: k
(03:09 / 5) unrankednohero: look at green  base
(03:17 / 8) poyo-poyo: lal
(03:37 / 5) unrankednohero: if blue had picked manaburnt hat bm would have been trapped
(03:43 / All) tearinup: cock choker
(04:32 / 8) poyo-poyo: i was kind of hoping wed be like yellow and purple
(04:38 / 8) poyo-poyo: instead of something like red and purple
(04:40 / 8) poyo-poyo: or red and orange
(04:44 / 5) unrankednohero: y?
(04:50 / 8) poyo-poyo: it stands out more
(04:54 / 5) unrankednohero: o
(05:21 / 5) unrankednohero: im gonna follow mode heros to my allies
(05:26 / 8) poyo-poyo: we'd have to make at least 16 each for it to look like anything
(05:33 / 5) unrankednohero: yeah
(05:44 / 5) unrankednohero: whats 16 times one burrow
(06:18 / 8) poyo-poyo: 2560 gold
(06:23 / 8) poyo-poyo: thats a lot
(06:46 / 5) unrankednohero: rofl yellow and i both follow moding orange
(06:48 / 5) unrankednohero: alogn with all of his fiends
(06:50 / 8) poyo-poyo: and i already have enough wood
(06:58 / 5) unrankednohero: and yellwos grunts are follow moding yellows heros
(07:02 / 8) poyo-poyo: nobody creeping on my team
(07:37 / 5) unrankednohero: how much wood
(07:42 / 5) unrankednohero: nvm its not much
(07:47 / 8) poyo-poyo: only 1000 for 16 burrows
(07:53 / 8) poyo-poyo: compared to the 2500 gold needed
(07:55 / 8) poyo-poyo: its nothing
(07:59 / 5) unrankednohero: 40*20 is 800
(08:03 / 5) unrankednohero: so less than 800
(08:17 / 8) poyo-poyo: we could wait for 5k gold
(08:20 / 8) poyo-poyo: and make it bigger
(08:29 / 8) poyo-poyo: i suggest we start from a core and work outward
(08:34 / 5) unrankednohero: yeah
(09:43 / 5) unrankednohero: should we get the peons there in zepps?
(09:50 / 5) unrankednohero: that would mean like 4 zepps tho
(09:51 / 8) poyo-poyo: waste of money
(09:52 / 5) unrankednohero: whioch is like 1000 gold
(09:54 / 5) unrankednohero: yeah
(09:58 / 5) unrankednohero: nvm
(10:08 / 8) poyo-poyo: how are you so low on gold
(10:14 / 5) unrankednohero: quick expo
(10:18 / 5) unrankednohero: and i have 44 peons
(10:47 / 5) unrankednohero: ur ally massed codos
(11:02 / 8) poyo-poyo: ah shit
(11:06 / 5) unrankednohero: ugh green has air adn mortar
(11:08 / 8) poyo-poyo: i guess we know which team is going down
(11:17 / 8) poyo-poyo: it will be on my side
(11:20 / 8) poyo-poyo: soon
(11:28 / 8) poyo-poyo: when the top clear s i think
(11:31 / 8) poyo-poyo: we should go there
(11:32 / 5) unrankednohero: kdos and feinds vs ghouls and hawks and mortars
(11:59 / 5) unrankednohero: im gonna get the zepps since i have an expo
(12:12 / Allies) bleach123: purple
(12:12 / 5) unrankednohero: ur team has mass dryad
(12:22 / Allies) bleach123: get back
(12:27 / Allies) bleach123: purple
(12:28 / Allies) unrankednohero: u get aura
(12:30 / 8) poyo-poyo: im ready whenever
(12:39 / Allies) bleach123: im going for their mine
(12:44 / Allies) unrankednohero: ok
(12:50 / 8) poyo-poyo: my side at top
(13:01 / 5) unrankednohero: u do urs first
(13:03 / 5) unrankednohero: and ill fill in gaps
(13:13 / 8) poyo-poyo: how do you plan to get a peon between
(13:14 / 8) poyo-poyo: smart guy
(13:16 / 5) unrankednohero: zepp
(13:20 / 5) unrankednohero: hurr durr
(13:52 / 5) unrankednohero: gogogo
(14:29 / 5) unrankednohero:  ...
(14:31 / 5) unrankednohero: u beter cancel
(14:52 / 8) poyo-poyo: there goes the work force
(15:02 / 5) unrankednohero: do it bottom
(15:04 / 5) unrankednohero: they are all top now
(15:08 / 8) poyo-poyo: now the top is a swarming hive
(15:20 / 5) unrankednohero: go bottom fast
(15:43 / 5) unrankednohero: my team is getting raped
(15:45 / Allies) Kamikaze_Moron: theyhave no armor easy kills
(15:53 / 5) unrankednohero: "they have no armor easy kills"
(16:03 / Allies) bleach123: get out
(16:08 / 5) unrankednohero: hurry up
(16:10 / 5) unrankednohero: wtf are you doing
(16:11 / 8) poyo-poyo: here comes teal to safve the day
(16:12 / 8) poyo-poyo: i cant
(16:18 / 5) unrankednohero: yeah jesus
(16:20 / 5) unrankednohero: faggot ghoul retard
(16:22 / 5) unrankednohero: making us lose
(16:28 / 8) poyo-poyo: im getting zepps now
(16:29 / 5) unrankednohero: he will feel all righteous when we do lose too
(16:32 / 5) unrankednohero: because he kileld 2 expos
(16:35 / 5) unrankednohero: with his mighty ghouls
(17:00 / Allies) bleach123: get back purple
(17:11 / 5) unrankednohero: greens funeral procession
(17:15 / 5) unrankednohero: is goign to sweep the area soon
(17:17 / 5) unrankednohero: so icant build either
(17:26 / 8) poyo-poyo: top my side?
(17:36 / 5) unrankednohero: fine
(17:37 / 8) poyo-poyo: by the health fountain
(17:40 / 8) poyo-poyo: thats a big filed
(17:42 / 5) unrankednohero: yeah
(17:43 / 5) unrankednohero: ur side
(17:45 / 8) poyo-poyo: look at the health fountains at back
(17:57 / 5) unrankednohero: they are basing my ally
(18:00 / 5) unrankednohero: gg
(18:19 / 5) unrankednohero: hurry ebfore everyone leaves
(18:36 / 5) unrankednohero: fuck green
(18:38 / 5) unrankednohero: is gona ruin it
(18:41 / Allies) bleach123: ..
(18:44 / 5) unrankednohero: he walked allt eh way home to kill 3 grhouls
(18:50 / Allies) GaugeLotD: so...
(19:10 / 5) unrankednohero: look my borttom ally
(19:12 / 5) unrankednohero: 6000 gold
(19:13 / 5) unrankednohero: 35 food
(19:16 / 5) unrankednohero: 4 idle unit producers
(20:00 / 5) unrankednohero: get ur guys away
(20:08 / 5) unrankednohero: the ones in  my ariea
(20:08 / 5) unrankednohero: no
(20:09 / 5) unrankednohero: bad
(20:11 / 5) unrankednohero: use zepp
(20:18 / 5) unrankednohero: MOVE
(21:17 / 5) unrankednohero: zzz
(21:20 / 5) unrankednohero: move ur turds
(23:30 / 8) poyo-poyo: that top burrow is spaced wrong
(23:51 / 8) poyo-poyo: move that peon
(23:57 / 8) poyo-poyo: that one is space wrong
(24:00 / 5) unrankednohero: i cant help it
(24:08 / 8) poyo-poyo: why
(24:15 / 8) poyo-poyo: camncel it
(24:31 / Allies) Kamikaze_Moron: good work red a purp
(24:37 / 5) unrankednohero: my ally
(24:38 / 5) unrankednohero: is here
(24:39 / 5) unrankednohero: to save the day
(24:44 / Allies) unrankednohero: go the fuck away cocksucker
(24:56 / Allies) Kamikaze_Moron: trying to rez hero at tavern
(25:11 / 5) unrankednohero: dotn start peon fights
(26:04 / 8) poyo-poyo: thopse top ones are spaced wrong
(26:06 / 8) poyo-poyo: that im attacking
(26:11 / 5) unrankednohero: just leave them
(26:12 / 5) unrankednohero: its too late
(26:26 / 5) unrankednohero: werhe are my goddam zepps
(28:28 / 5) unrankednohero: lol
(29:05 / All) unrankednohero: so many burows
(29:49 / 5) unrankednohero: forgot to upgrade armor
(31:01 / 8) poyo-poyo: lol
(31:03 / 8) poyo-poyo: he wants into the middle
(32:47 / 5) unrankednohero: dont scout my bottom expo
(32:48 / 5) unrankednohero: durr hurr
(32:54 / 5) unrankednohero: ok good
(33:02 / 8) poyo-poyo: lol i captured the green units
(33:05 / 8) poyo-poyo: inzeppelin
(33:37 / 5) unrankednohero: wtf
(33:40 / 5) unrankednohero: he wetn straight for my main
(34:01 / 5) unrankednohero: it must reveal the first main u build
(34:13 / All) tearinup: leave
(34:49 / 5) unrankednohero: how are you so poor
(34:56 / 8) poyo-poyo: repair
(34:58 / 8) poyo-poyo: mine ran out
(34:59 / 8) poyo-poyo: no expo
(35:07 / 5) unrankednohero: im gonna make a mian in corner
(35:43 / 5) unrankednohero: kill all of the leavers air
(36:36 / All) tearinup: lol u like being aidkc red?
(36:43 / All) unrankednohero: yes
(36:49 / All) tearinup: well w/e
(36:53 / All) tearinup: im just gonna get chimmies
(36:56 / All) tearinup: and ur fucked
(36:57 / 5) unrankednohero: :[
(36:58 / All) tearinup: gg faggot
(39:15 / 5) unrankednohero: fuck send greens stuff somewshere uselss
(41:33 / 5) unrankednohero: looks liek pink is back
(41:57 / 8) poyo-poyo: he sees your expos
(41:59 / 8) poyo-poyo: its hacks
(42:02 / 5) unrankednohero: ??
(42:06 / 5) unrankednohero: even the corner one?
(42:09 / 8) poyo-poyo: he sees your main and pings it
(42:13 / 5) unrankednohero: which
(42:18 / 8) poyo-poyo: top mid expo
(42:20 / 8) poyo-poyo: you sode
(42:22 / 8) poyo-poyo: not up high
(42:30 / 8) poyo-poyo: pink is at it
(42:32 / 5) unrankednohero: if he sees corner one then its hacks
(42:37 / 8) poyo-poyo: what corner one
(42:37 / 5) unrankednohero: top right was sort of obvious place to check
(42:42 / 5) unrankednohero: bottom right
(42:49 / 8) poyo-poyo: even i didnt see it
(42:54 / 8) poyo-poyo: jsut dont kill to many trees
(42:59 / 5) unrankednohero: oh yeah i guess not
(44:59 / All) tearinup: parties over
(45:01 / 5) unrankednohero: where is blues land army going
(45:22 / 8) poyo-poyo: hes got chims now
(45:27 / 8) poyo-poyo: he could just go in and kill your burrows
(45:34 / 8) poyo-poyo: but i guess hes got a vendetta against me now
(45:37 / 5) unrankednohero: lol
(46:05 / All) unrankednohero: i get knocked down
(46:07 / All) unrankednohero: and i get up again
(46:11 / All) unrankednohero: and ur never gonna get me down
(46:13 / All) unrankednohero: oohhh danny boy
(46:15 / All) unrankednohero: danny byo
(46:16 / All) unrankednohero: danny boy
(46:23 / 5) unrankednohero: lol
(46:47 / All) tearinup: too bad ur owned
(47:12 / 5) unrankednohero: u shoulda expod early
(48:09 / 5) unrankednohero: shit did i just lure him there?
(48:20 / 8) poyo-poyo: you have enough told to make some units or something now
(48:31 / 5) unrankednohero: im not gonna tray to make a comback
(48:34 / 5) unrankednohero: that woudl end in heartbreak
(48:46 / All) poyo-poyo: brb
(48:49 / All) poyo-poyo: HEY
(48:57 / All) tearinup: tongue my sack
(49:02 / All) unrankednohero: friggan jerks
(49:09 / All) poyo-poyo: im not familiar with that expressing
(49:20 / All) tearinup: are u familiar with my balls in your mouth
(49:23 / All) tearinup: your should be
(49:24 / All) poyo-poyo: no
(49:34 / All) unrankednohero: have some respect
(49:36 / All) unrankednohero: hes ur friggan ally
(49:41 / All) tearinup: not really
(49:51 / All) tearinup: he's your butt buddy
(51:41 / All) unrankednohero: u guys hear about that prison break in greece?
(51:47 / All) poyo-poyo: no
(51:54 / All) St0rmShad0w: im greek
(51:57 / All) unrankednohero: they highjacked a helicopter
(52:00 / All) unrankednohero: and landed in the prison
(52:02 / All) St0rmShad0w: lol
(52:03 / All) unrankednohero: and flew 2 guys out
(52:07 / All) unrankednohero: and it was thte second time they had done it
(52:10 / All) unrankednohero: with the same prisoner
(52:14 / All) unrankednohero: friggan greece
(52:15 / All) St0rmShad0w: lol
(52:18 / All) tearinup: alright
(52:22 / All) tearinup: time to turn on maphack
(52:31 / All) St0rmShad0w: that greece for ya
(52:53 / 8) poyo-poyo: he revealed near you
(52:55 / 8) poyo-poyo: D:
(53:02 / All) St0rmShad0w: my parents will probably mention it tomorrow
(54:45 / 5) unrankednohero: tf2 is downlodded
(55:01 / 8) poyo-poyo: after this game
(55:07 / 5) unrankednohero: meh its midnight
(55:11 / 8) poyo-poyo: o
(55:13 / 8) poyo-poyo: some other day
(55:20 / 5) unrankednohero: 2morow ill prolly be on after around 4
(56:29 / All) St0rmShad0w: uguys go beat by mass kodos
(56:37 / All) tearinup: lol
(57:02 / All) St0rmShad0w: along with red being a jerkoff ally
(57:32 / 8) poyo-poyo: damn delay
(60:41 / 5) unrankednohero: fuck
(60:47 / 5) unrankednohero: tf2 is kind laggy
(60:52 / 5) unrankednohero: and i get wsated 4 seconds after spawn
(61:03 / 8) poyo-poyo: dont have this game open at soem tamie
(61:44 / 5) unrankednohero: how do u build
(61:45 / 5) unrankednohero: a sentry
(61:51 / 8) poyo-poyo: engineer
(61:53 / 8) poyo-poyo: press four
(61:54 / 5) unrankednohero: what keps
(61:55 / 8) poyo-poyo: then enter
(61:56 / 5) unrankednohero: keys
(61:58 / 8) poyo-poyo: then press 1
(62:08 / 8) poyo-poyo: scroll on mouse changes weapon
(62:08 / 5) unrankednohero: then what
(62:11 / 5) unrankednohero: click?
(62:16 / 8) poyo-poyo: the fourth weapon is your build weapon
(62:25 / 8) poyo-poyo: or just press four and click
(62:29 / 5) unrankednohero: i pressed 4 enter 1 enter and it wouldnt make it
(62:33 / 5) unrankednohero: it just showed the outline in front of me
(62:40 / 8) poyo-poyo: click again
(62:42 / 8) poyo-poyo: holy noob
(62:47 / 5) unrankednohero: pretty sure i tried that
(62:52 / 5) unrankednohero: anyway i got shat on half a second later
(63:00 / 5) unrankednohero: the game was some kind of "first team to all be dead" mode
(63:02 / 8) poyo-poyo: ur jsut a noob
(63:03 / 8) poyo-poyo: learn
(63:11 / 8) poyo-poyo: get a new server
(63:13 / 8) poyo-poyo: taht mode sux
(63:18 / 5) unrankednohero: i closed it
(63:21 / 5) unrankednohero: ill play tomrorow
(63:25 / 5) unrankednohero: when i get hiome around 4
(63:45 / All) tearinup: owned
(63:56 / All) unrankednohero: shit i thought mass burrows was gonna work too
(63:58 / All) unrankednohero: ur pretty good
(64:06 / All) tearinup: sos your mom
(64:11 / All) tearinup: at sucking my dick
(64:11 / All) unrankednohero: why are you tearing up tho?
(64:14 / All) unrankednohero: did u rdog die?
(64:27 / All) unrankednohero: watchign a sad movie?
(66:51 / 8) poyo-poyo: cl;ose game
(66:54 / 8) poyo-poyo: hes out of peons and halls
(67:11 / 5) unrankednohero: i should have put a hall there right away
(67:13 / 5) unrankednohero: then massed bats
(67:43 / All) St0rmShad0w: traitor red
(67:57 / All) unrankednohero: u should ahelped us make burrow field
(69:10 / All) unrankednohero: i wish my allies had gien supplies before leaving
(69:14 / All) unrankednohero: teal had 14000 gold
(69:16 / All) unrankednohero: has*
(69:23 / 8) poyo-poyo: i c
(71:24 / All) St0rmShad0w: really man u killed my beer buzz...u suck
(71:36 / All) unrankednohero: u should just left after my allies bases wer edead
(71:43 / All) unrankednohero: the res tis just the technicality of getting win or loss
(71:46 / All) unrankednohero: game ended then
(71:54 / All) St0rmShad0w: u should really suck sum more cock
(72:25 / 5) unrankednohero: look at blues hero
(72:32 / 5) unrankednohero: his firelord
(72:37 / All) St0rmShad0w: little faggot boy
(72:45 / All) unrankednohero: now now
(72:51 / All) unrankednohero: what if i had made wyvs and shat on ur kodos
(72:55 / All) unrankednohero: would hat have been betteR?
(73:05 / All) St0rmShad0w: waste of time....only speaks of your character
(73:16 / All) poyo-poyo: tenacity
(73:18 / All) poyo-poyo: courage
(73:21 / All) unrankednohero: is winning a video game not a wast eof time?
(73:22 / All) poyo-poyo: in the face of adversity
(73:25 / All) poyo-poyo: creativity
(73:34 / All) unrankednohero: after you get the win screen do you feel youve accomplished something?
(73:35 / All) poyo-poyo: thats what i saw in purple
(73:39 / All) poyo-poyo: sticking it out to the end
(73:42 / All) poyo-poyo: having fun the whole timte
(73:45 / All) St0rmShad0w: now run off and be a good little boy and whore yourself out at Times Square
(73:51 / All) poyo-poyo: making a checkerboard of burrows
(73:52 / All) unrankednohero: !!!
(73:59 / All) poyo-poyo: istead of boring mass dryad
(74:05 / All) unrankednohero: he massed kodos
(74:07 / All) unrankednohero: lol
(74:13 / All) unrankednohero: my ally said he would be easy kills
(74:16 / All) unrankednohero: because of armor type
(74:23 / All) unrankednohero: then all his fiends got defoured
(74:26 / All) St0rmShad0w: he said that of me?
(74:27 / All) unrankednohero: and his 2 dragons got webbed
(74:28 / All) unrankednohero: yeah
(74:32 / All) St0rmShad0w: lol the fool
(74:38 / All) unrankednohero: did u see teal?
(74:42 / All) St0rmShad0w: mass kodos with the cheif rule
(74:43 / All) unrankednohero: he made all of 12 ghouls all game
(74:44 / All) unrankednohero: and nothign else
(74:51 / All) unrankednohero: i hve no clue why he expod
(74:53 / All) unrankednohero: to make 12 ghouls
(74:54 / 5) unrankednohero: gg
(74:55 / All) unrankednohero: gg